 Dungeon Crawl Stone Soup version 0.28.0-53-g5a82cb258f (webtiles) character file.

Game seed: 6785978324224009649

30 Descartes the Sneak (level 3, -2/17 HPs)
             Began as a Felid Delver on June 6, 2022.
             Slain by a gnoll
             ... wielding a +0 halberd
              (4 damage)
             ... on level 5 of the Dungeon.
             The game lasted 00:00:25 (54 turns).

Descartes the Sneak (Felid Delver)                    Turns: 54, Time: 00:00:25

Health: -2/17      AC:  1    Str: 10    XL:     3   Next: 3%
Magic:  4/4        EV: 18    Int: 11    God:
Gold:   9          SH:  0    Dex: 17    Spells: 2/2 levels left
                                        Lives:  0   Deaths: 0

rFire   . . .      SeeInvis +     - Unarmed
rCold   . . .      Faith    .   (shield unavailable)
rNeg    . . .      Spirit   .   (armour unavailable)
rPois   .          Reflect  .   (helmet unavailable)
rElec   .          Harm     .   (cloak unavailable)
rCorr   .          Rampage  .   (gloves unavailable)
Will    .....                   (boots unavailable)
Stlth   ++++......              (no amulet)
HPRegen 0.05/turn               (no ring)
MPRegen 0.09/turn               (no ring)

@: quick
A: very small, claws 1, fangs 3, see invisible, speed 1, shaggy fur 1, stealthy
paws, no weapons or thrown items, no armour, multi-lived
a: no special abilities


You were on level 5 of the Dungeon.
You visited 1 branch of the dungeon, and saw 1 of its levels.

You collected 9 gold pieces.

Inventory:

Wands
 e - a wand of digging (3)
Scrolls
 a - a scroll of fog
 b - a scroll of magic mapping
 c - a scroll of fear
 f - a scroll of blinking {unknown}
 g - a scroll of teleportation {unknown}
Potions
 d - a potion of haste


   Skills:
 + Level 3.3 Fighting
 + Level 3.3 Dodging
 + Level 6.9 Stealth
 + Level 2.4 Unarmed Combat


You had 2 spell levels left.
You didn't know any spells.
Your spell library was empty.

Dungeon Overview and Level Annotations

Branches:
Dungeon (5/15)
 Temple: D:4-7

Altars:


Innate Abilities, Weirdness & Mutations

You have sharp claws.
You have razor-sharp teeth.
You have supernaturally acute eyesight. (SInv)
You cover ground quickly. (Speed+)
You are covered in fur. (AC +1)
Your paws help you pounce on unaware monsters.
You are incapable of wielding weapons or throwing items.
You cannot wear armour.
You gain extra lives every three experience levels.


Message History

Increase (S)trength, (I)ntelligence, or (D)exterity?
You feel stronger. x2
A gnoll comes into view. It is wielding a +0 club.
A gnoll comes into view. It is wielding a +0 halberd.
A gnoll and a centaur come into view.
The gnoll shouts! x2
A scorpion zombie comes into view.
Found a stone staircase leading down.
A hound skeleton comes into view.
The gnoll hits you with a +0 whip.
The centaur shouts!
You claw the centaur! Your bite misses the centaur.
The centaur is moderately wounded.
The centaur completely misses you. The centaur kicks you. The centaur hits you.
The centaur closely misses you.
You scratch the centaur but do no damage.
The centaur is moderately wounded.
The centaur hits you. The centaur misses you.
You scratch the centaur.
The centaur is heavily wounded.
The centaur misses you. x2; The centaur closely misses you.
The centaur kicks you. The gnoll barely misses you.
You scratch the centaur.
The centaur is heavily wounded.
The centaur misses you. The centaur closely misses you.
You barely miss the centaur. You bite the centaur.
The centaur is severely wounded.
The centaur completely misses you. The centaur kicks you.
The centaur barely misses you. The centaur kicks you.
* * * LOW HITPOINT WARNING * * *
You scratch the centaur but do no damage.
The centaur is severely wounded.
The gnoll closely misses you. The centaur hits you.
* * * LOW HITPOINT WARNING * * *
The centaur barely misses you. The gnoll barely misses you.
You scratch the centaur.
The centaur is almost dead.
The centaur barely misses you. x2; The gnoll closely misses you.
The gnoll hits you from afar with a +0 halberd.
You die...

..# ....## .......##
.........## ### #######
...........# #.# #.....#
...........####.######.....#
...........................#
....$......<...c....##..)..#
.......(..###@#.##.##.#####
#.......##gg#....##>#
#.......##g#####....#
##.....###.# #...## ##...##
#.# #.!.. ###O####.# #.##..
#).##>.# .. ##.##.## .!
#.##.## .##


You could see a centaur and 3 gnolls.

Vanquished Creatures
  A hound (D:5)
1 creature vanquished.

Notes
Turn   | Place    | Note
-------+----------+-------------------------------------------
     0 | D:5      | Descartes the Felid Delver began the quest for the Orb.
     0 | D:5      | Reached XP level 1. HP: 10/10 MP: 2/2
    14 | D:5      | Noticed an ogre
    26 | D:5      | Noticed a hound
    31 | D:5      | Killed a hound
    32 | D:5      | Reached XP level 2. HP: 14/14 MP: 3/3
    32 | D:5      | Reached XP level 3. HP: 17/17 MP: 4/4
    36 | D:5      | Noticed a centaur
    54 | D:5      | Slain by a gnoll

Illustrated notes

Levels and vault maps discovered:
D:5:      layout_rooms, uniq_duvessa

Skill      XL: |  1 |
---------------+----+-----
Dodging        | 3 |  3.3
Fighting       | |  3.3
Stealth        | |  6.9
Unarmed Combat | |  2.4

Action                   || total
-------------------------++-------
Melee: Unarmed           ||     8
       Bite              ||     1
 Stab: Sleeping          ||     1
Dodge: Dodged            ||    17
